 Dungeon Crawl Stone Soup version 0.26.0-18-gc5c842f807 (webtiles) character file.

Game seed: 16686634438614625745

10697 kaeus the Arsonist (level 11, -2/57 HPs)
             Began as a Gargoyle Fire Elementalist on Jan 23, 2021.
             Was a Believer of the Shining One.
             Slain by a death yak (20 damage)
             ... on level 11 of the Dungeon.
             The game lasted 00:26:17 (19215 turns).

kaeus the Arsonist (Gargoyle Fire Elementalist)    Turns: 19215, Time: 00:26:18

Health: -2/57      AC: 20    Str: 11    XL:     11   Next: 66%
Magic:  14/23      EV: 12    Int: 20    God:    the Shining One [**....]
Gold:   745        SH:  0    Dex: 10    Spells: 16/26 levels left

rFire    + . .     SeeInvis .   E - +1 flail (protect)
rCold    . . .     Faith    .   (no shield)
rNeg     + + .     Spirit   .   h - +2 leather armour
rPois    ∞         Reflect  .   s - +2 helmet
rElec    +         Harm     .   (no cloak)
rCorr    .         Rampage  .   (no gloves)
Will     .....                  (no boots)
Stlth    +.........             J - amulet of magic regeneration
HPRegen  0.19/turn              F - +4 ring of protection
MPRegen  0.43/turn              v - ring of protection from fire

@: glowing
A: negative energy resistance 1, electricity resistance, unbreathing,
petrification resistance, miasma immunity, AC +8
a: Renounce Religion, Divine Shield


You were on level 11 of the Dungeon.
You worshipped the Shining One.
The Shining One was pleased with you.
You visited 2 branches of the dungeon, and saw 12 of its levels.

You collected 745 gold pieces.

Inventory:

Hand Weapons
 E - a +1 flail of protection (weapon)
Armour
 d - a +0 kite shield
 h - a +2 leather armour (worn)
 s - a +2 helmet (worn)
Magical Staves
 L - an uncursed staff of poison
 N - an uncursed staff of cold
Jewellery
 m - an uncursed ring of flight
 v - a ring of protection from fire (right hand)
 F - a +4 ring of protection (left hand)
 J - an amulet of magic regeneration (around neck)
Wands
 y - a wand of polymorph (4)
 C - a wand of disintegration (17)
 D - a wand of enslavement (9)
 I - a wand of iceblast (9)
 M - a wand of digging (6)
Scrolls
 b - 6 scrolls of remove curse
 c - a scroll of amnesia
 f - 3 scrolls of fear
 j - 7 scrolls of teleportation
 k - 3 scrolls of identify
 l - a scroll of enchant weapon {unknown}
 n - 3 scrolls of magic mapping
 p - 2 scrolls of blinking
 w - a scroll of random uselessness {unknown}
 H - a scroll of fog {unknown}
Potions
 a - 2 potions of flight {unknown}
 e - a potion of magic {unknown}
 g - 11 potions of curing
 i - 3 potions of haste
 o - 2 potions of invisibility
 q - 2 potions of lignification
 r - 2 potions of ambrosia
 t - 2 potions of brilliance {unknown}
 u - 3 potions of might {unknown}
 x - a potion of mutation {unknown}
 z - 2 potions of heal wounds
 A - a potion of attraction {unknown}
 B - a potion of degeneration {unknown}
 G - a potion of berserk rage {unknown}
 K - a potion of cancellation {unknown}


   Skills:
 + Level 2.1 Fighting
 + Level 1.8 Maces & Flails
 + Level 2.1 Armour
 + Level 2.3 Dodging
 - Level 2.1 Stealth
 + Level 2.0 Shields
 + Level 8.3 Spellcasting
 + Level 9.6 Conjurations
 + Level 12.3 Fire Magic
 + Level 1.4 Air Magic


You had 16 spell levels left.
You knew the following spells:

 Your Spells              Type           Power        Failure   Level
a - Foxfire               Conj/Fire      100%         1%          1
b - Sticky Flame          Conj/Fire      51%          1%          4
c - Fireball              Conj/Fire      25%          3%          5

Your spell library contained the following spells:

 Spells                   Type           Power        Failure   Level
 Conjure Flame            Conj/Fire      51%          1%          3
 Inner Flame              Hex/Fire       32%          2%          3
 Dazzling Flash           Conj/Hex       54%          4%          3
 Corona                   Hex            8%           11%         1
 Ensorcelled Hibernation  Hex/Ice        16%          17%         2
 Confusing Touch          Hex            8%           32%         3
 Tukima's Dance           Hex            8%           32%         3


Dungeon Overview and Level Annotations

Branches:
Dungeon (11/15)            Temple (1/1) D:5             Orc (0/2) D:9
   Lair: D:8-11

Altars:
Ashenzari
Cheibriados
Dithmenos
Elyvilon
Fedhas
Gozag
Hepliaklqana
Kikubaaqudgha
Makhleb
Nemelex Xobeh
Okawaru
Qazlal
Ru
Sif Muna
Trog
Uskayaw
Vehumet
Wu Jian
Xom
Yredelemnul
Zin
The Shining One

Shops:
D:4 (   D:5 !   D:11 (


Innate Abilities, Weirdness & Mutations

You are resistant to torment.
Your stone body is resilient. (AC +8)
You are immune to poison.
You resist negative energy. (rN+)
You are resistant to electric shocks. (rElec)
You can survive without breathing.
You are immune to petrification.
You are immune to miasma.


Message History

Aiming: Sticky Flame (dangerous; 1% risk of failure)
Press: ? - help, Shift-Dir - straight line, f/p - death yak
Aim: a death yak (moderately wounded, haloed, 0% to evade)
The sticky flame hits the death yak.
The death yak is moderately wounded.
The death yak is covered in liquid flames!
The death yak burns!
The death yak misses you.
You now have 12/23 mp.
You hit the death yak.
The death yak is heavily wounded.
The death yak burns!
The death yak gores you!
You take 16 damage, and have 18/57 hp.
MASSIVE DAMAGE!!
The death yak burns!
There is an open door here.
Things that are here:
a +0 club; 4 stones The death yak burns!
The death yak burns!
The death yak burns!
The death yak stops burning.
The death yak gores you!!
You die...

....# #.......Y..#...
....'.#.........)#.#
#.'(.....)...'.#
###......).((###
#########'## ## #.Y.Y.#
#.. ##Y###### #.#
######Y......# ###'##
##..))@.......#
####....###..####.......#
..##....'...## #.......#
#)##....##### #.......#
#.)#....# #.......#
##.†....# #.......#
###....# #.......# ######
#.......# #########


You could see 3 death yaks.

Vanquished Creatures
  Fannar (D:10)
  2 two-headed ogres
  An orc high priest (D:9)
  Nergalle (D:10)
  Joseph (D:10)
  A centaur skeleton (D:10)
  4 trolls
  A basilisk (shapeshifter) (D:9)
  A yak (D:9)
  3 black bears
  12 orc warriors
  3 ice beasts
  3 phantoms
  A sky beast (D:10)
  4 ogres
  7 centaurs
  2 necrophages
  A big kobold (D:11)
  A wyvern zombie (D:7)
  10 bullfrogs
  A gnoll sergeant (D:8)
  4 scorpions
  6 killer bees (D:10)
  2 howler monkeys
  A centaur zombie (D:10)
  A bullfrog zombie (D:9)
  9 orc priests
  7 hounds
  5 orc wizards
  3 iguanas
  Natasha (thrice) (D:2)
  9 worker ants
  A hound zombie (D:6)
  11 gnolls
  A howler monkey skeleton (D:4)
  10 adders
  A river rat (D:11)
  A shadow imp (D:10)
  2 white imps
  2 ufetubi (D:10)
  An ooze (D:3)
  An adder skeleton (D:4)
  An adder zombie (D:7)
  3 worms
  3 dart slugs
  6 leopard geckos
  52 orcs
  6 giant cockroaches
  10 goblins
  2 hobgoblins
  4 jackals
  10 kobolds
  3 quokkas
  A ball python (D:1)
  A ball python skeleton (D:6)
  4 bats
  A frilled lizard (D:1)
  A jackal skeleton (D:8)
  8 rats
258 creatures vanquished.

Vanquished Creatures (others)
  A leopard gecko (D:10)
  748 foxfires
  5 plants (D:9)
754 creatures vanquished.

Grand Total: 1012 creatures vanquished

Notes
Turn   | Place    | Note
-------+----------+-------------------------------------------
     0 | D:1      | kaeus the Gargoyle Fire Elementalist began the quest for
                  | the Orb.
     0 | D:1      | Reached XP level 1. HP: 10/10 MP: 3/3
   248 | D:1      | Reached XP level 2. HP: 15/15 MP: 1/5
  1348 | D:1      | Reached XP level 3. HP: 19/19 MP: 1/6
  1396 | D:2      | Noticed Natasha
  1720 | D:2      | Killed Natasha
  3362 | D:2      | Reached skill level 4 in Fire Magic
  3362 | D:2      | Reached XP level 4. HP: 24/24 MP: 4/7
  3643 | D:2      | Learned a level 4 spell: Sticky Flame
  3798 | D:2      | Noticed Natasha
  3804 | D:2      | Killed Natasha
  4210 | D:2      | Noticed Natasha
  4214 | D:2      | Killed Natasha
  4215 | D:2      | Reached XP level 5. HP: 28/28 MP: 4/9
  4848 | D:3      | Found a faded altar of an unknown god.
  6171 | D:3      | Reached skill level 5 in Fire Magic
  6171 | D:3      | Reached XP level 6. HP: 29/32 MP: 7/10
  6990 | D:4      | Found Aneydite's Antique Weapon Boutique.
  7247 | D:4      | Reached XP level 7. HP: 36/36 MP: 4/12
  7352 | D:4      | Reached skill level 6 in Fire Magic
  7787 | D:5      | Entered Level 5 of the Dungeon
  8014 | D:5      | Found Fouberch's Distillery.
  8152 | D:5      | Found a staircase to the Ecumenical Temple.
  8872 | Temple   | Entered the Ecumenical Temple
  9084 | Temple   | Became a worshipper of the Shining One
  9146 | D:5      | Found an iron altar of Okawaru.
  9517 | D:6      | Reached skill level 7 in Fire Magic
  9517 | D:6      | Reached XP level 8. HP: 41/41 MP: 7/14
  9604 | D:6      | Reached skill level 5 in Conjurations
 10624 | D:6      | Found a bloodstained altar of Trog.
 10627 | D:6      | Found a snail-covered altar of Cheibriados.
 10941 | D:7      | Learned a level 5 spell: Fireball
 10986 | D:7      | Reached skill level 5 in Spellcasting
 10986 | D:7      | Reached skill level 8 in Fire Magic
 11415 | D:7      | Reached XP level 9. HP: 45/45 MP: 13/17
 11440 | D:7      | Found a white marble altar of Elyvilon.
 11442 | D:7      | Found a shimmering altar of Xom.
 12562 | D:8      | Reached skill level 9 in Fire Magic
 12829 | D:8      | Found a burning altar of Makhleb.
 12999 | D:8      | Reached * piety under the Shining One
 13895 | D:9      | Found a staircase to the Orcish Mines.
 14042 | D:9      | Noticed a two-headed ogre
 14052 | D:9      | Killed a two-headed ogre
 14053 | D:9      | Reached skill level 10 in Fire Magic
 14053 | D:9      | Reached XP level 10. HP: 33/50 MP: 0/19
 14072 | D:10     | Entered Level 10 of the Dungeon
 14540 | D:9      | Noticed an orc high priest
 14551 | D:9      | Noticed a rust devil
 14595 | D:9      | The Shining One protects you from harm!
 15505 | D:9      | Noticed an orange demon
 15506 | D:9      | Noticed a soul eater
 15788 | D:9      | Killed an orc high priest
 15965 | D:9      | Reached skill level 11 in Fire Magic
 16252 | D:9      | Found a broken altar of Ashenzari.
 16253 | D:9      | Found an iron altar of Okawaru.
 16924 | D:10     | Noticed Nergalle
 16939 | D:10     | Killed Nergalle
 17325 | D:10     | Noticed a two-headed ogre
 17332 | D:10     | Killed a two-headed ogre
 17333 | D:10     | Reached skill level 12 in Fire Magic
 17333 | D:10     | Reached XP level 11. HP: 54/54 MP: 16/22
 17617 | D:10     | Reached ** piety under the Shining One
 17623 | D:10     | Noticed Fannar
 17636 | D:10     | Killed Fannar
 17640 | D:10     | HP: 2/55 [troll (10)]
 17647 | D:10     | Reached skill level 1 in Fighting
 17647 | D:10     | Reached skill level 1 in Armour
 17647 | D:10     | Reached skill level 1 in Shields
 17944 | D:10     | Noticed Joseph
 17956 | D:10     | Killed Joseph
 17957 | D:10     | Reached skill level 1 in Maces & Flails
 18255 | D:10     | Reached skill level 1 in Air Magic
 18535 | D:11     | Found Poth's Weapon Shoppe.
 19184 | D:11     | Noticed a death yak
 19185 | D:11     | Noticed a death yak
 19186 | D:11     | Noticed a death yak
 19215 | D:11     | Slain by a death yak

Illustrated notes

Levels and vault maps discovered:
D:1:      nicolae_arrival_somewhat_less_tricky_arrival, layout_loops_ring,
          nrook_mini_vaults
D:2:      layout_loops_ring, uniq_natasha
D:3:      layout_basic, chequers_ecumenical_altar_simple
D:4:      layout_loops_cross, serial_shops, shop_statue, grunt_ministairs_5
D:5:      layout_loops_corners, temple_doors_e, serial_shops,
          nicolae_shop_waterfront, kennysheep_okawaru_gauntlet
D:6:      layout_loops_ring, amethyst_overflow_temple_binary
D:7:      layout_basic, chequers_temple_overflow_statue_of_worship,
          hangedman_abyss_or_decor_jellyfish_corner
D:8:      layout_cave_pods, nicolae_overflow_hidden_temple
D:9:      nzn_winding_woodlands_medium [nzn_winding_woodlands_hourglass,
          nzn_winding_woodlands_5x15_eye, nzn_winding_woodlands_5x5_open_star,
          nzn_winding_woodlands_5x5_checkerboard,
          nzn_winding_woodlands_center_lodge, nzn_winding_woodlands_5x5_default,
          nzn_winding_woodlands_5x5_perimeter,
          nzn_winding_woodlands_5x15_garden, nzn_winding_woodlands_5x5_cross],
          layout_stronghold, grunt_temple_overflow_open, hiddenorc1_lemuel
D:10:     layout_irregular_city, minmay_chambers_of_fives, uniq_joseph,
          uniq_nergalle, uniq_fannar
D:11:     layout_roguey [special_room_orc], dpeg_lair_monsters, special_room
          [special_room_kobold], serial_shops, shop, shop, shop,
          kennysheep_mini, minmay_fractal_squares_gapless_5
Temple:   regret_index_temple_generic_petals

Skill      XL: |  1  2  3  4  5  6  7  8  9 10 11 |
---------------+----------------------------------+-----
Conjurations   | 2 3 4 6 7 9 |  9.6
Fire Magic     | 4 5 7 8 10 12 | 12.3
Spellcasting   | 3 4 5 6 7 8 |  8.3
Fighting       | 2 |  2.1
Armour         | 2 |  2.1
Shields        | 2 |  2.0
Maces & Flails | 1 |  1.8
Dodging        | 2 |  2.3
Air Magic      | 1 |  1.4
Stealth        | |  2.1

Action                   |  1- 3 |  4- 6 |  7- 9 | 10-12 || total
-------------------------+-------+-------+-------+-------++-------
Melee: Short sword       |    28 |    40 |       |       ||    68
       War axe           |       |    45 |    29 |       ||    74
       Falchion          |       |       |    49 |       ||    49
       Flail             |       |       |   116 |   195 ||   311
 Cast: Foxfire           |    48 |   151 |   203 |   150 ||   552
       Sticky Flame      |       |       |     6 |    42 ||    48
       Fireball          |       |       |     9 |    14 ||    23
  Use: Scroll            |       |       |       |    17 ||    17
       Potion            |       |       |       |     3 ||     3
Armor: Robe              |     7 |       |       |       ||     7
       Leather armour    |     2 |    37 |   140 |   294 ||   473
Dodge: Dodged            |    19 |    47 |   163 |   273 ||   502
       Rpst.: Falchion   |       |       |    20 |       ||    20
